 Dungeon Crawl Stone Soup version 0.24.0-124-g2791043dd8 (webtiles) character file.

Game seed: 3530620347749824152, levelgen mode: deterministic

2738 Johnny the Thaumaturge (level 9, -7/57 HPs)
             Began as a Deep Elf Earth Elementalist on Feb 14, 2020.
             Was a Believer of Dithmenos.
             Mangled by a two-headed ogre
             ... wielding a +0 giant club
              (22 damage)
             ... on level 8 of the Dungeon.
             The game lasted 00:09:31 (7589 turns).

Johnny the Thaumaturge (DEEE)                       Turns: 7589, Time: 00:09:32

Health: -7/57      AC:  8    Str:  5    XL:     9   Next: 40%
Magic:  10/24      EV: 12    Int: 24    God:    Dithmenos [**....]
Gold:   218        SH:  0    Dex: 15    Spells: 13/26 levels left

rFire    . . .     SeeInvis +   x - +3 short sword (venom)
rCold    . . .     Gourm    .   (no shield)
rNeg     . . .     Faith    .   w - +2 leather armour {MR+}
rPois    +         Spirit   .   (no helmet)
rElec    .         Reflect  .   g - +2 cloak {rPois}
rCorr    .         Harm     .   (no gloves)
MR       +....                  (no boots)
Stlth    +.........             (no amulet)
HPRegen  0.19/turn              k - ring of see invisible
MPRegen  0.19/turn              r - ring of attention (curse)

@: very slightly contaminated, wreathed by umbra
A: no striking features
a: Shadow Step, Renounce Religion


You were on level 8 of the Dungeon.
You worshipped Dithmenos.
Dithmenos was pleased with you.
You were hungry.

You visited 2 branches of the dungeon, and saw 9 of its levels.

You collected 482 gold pieces.
You spent 264 gold pieces at shops.

Inventory:

Hand Weapons
 x - a +3 short sword of venom (weapon)
Missiles
 v - 26 stones (quivered)
Armour
 g - a +2 cloak of poison resistance (worn)
 w - a +2 leather armour of magic resistance (worn)
Jewellery
 k - a ring of see invisible (left hand)
 r - a cursed ring of attention (right hand)
Scrolls
 c - a scroll of enchant armour
 i - 3 scrolls of remove curse
 l - 4 scrolls of amnesia
 q - a scroll of brand weapon {unknown}
Potions
 a - a potion of agility
 b - a potion of might
 e - a potion of degeneration
 f - a potion of lignification
 h - 2 potions of invisibility
 j - 4 potions of curing
 m - 2 potions of magic
 o - 3 potions of flight
 p - a potion of ambrosia
 s - a potion of berserk rage
 t - a potion of brilliance {unknown}
 z - a potion of resistance {unknown}
Comestibles
 d - 13 rations
 n - a chunk of flesh


   Skills:
 * Level 7.6 Fighting
 - Level 2.4 Dodging
 - Level 2.4 Stealth
 + Level 9.0 Spellcasting
 - Level 1.1 Transmutations
 + Level 7.8 Earth Magic


You had 13 spell levels left.
You knew the following spells:

 Your Spells              Type           Power        Failure   Level  Hunger
a - Sandblast             Erth           #####.       1%          1    None
b - Stone Arrow           Conj/Erth      ####..       6%          3    None
c - Lee's Rapid Deconstr  Erth           #####.....   11%         5    ####...
d - Petrify               Tmut/Erth      ####....     16%         4    ##.....

Your spell library contained the following spells:

 Spells                   Type           Power        Failure   Level  Hunger
 Passwall                 Tmut/Erth      ####....     2%          2    None
 Corona                   Hex            ##.....      10%         1    None
 Ensorcelled Hibernation  Hex/Ice        ##....       14%         2    None
 Confuse                  Hex            ##......     28%         3    None
 Dazzling Spray           Conj/Hex       ##....       28%         3    None
 Tukima's Dance           Hex            ##......     28%         3    None


Dungeon Overview and Level Annotations

Branches:
Dungeon (8/15)             Temple (1/1) D:4
   Lair: D:8-11

Altars:
Ashenzari
Dithmenos
Elyvilon
Fedhas
Gozag
Hepliaklqana
Kikubaaqudgha
Makhleb
Nemelex Xobeh
Okawaru
Qazlal
Ru
Trog
Uskayaw
Vehumet
Wu Jian
Xom
Yredelemnul
Zin
The Shining One

Shops:
D:4 =   D:5 !

Annotations:
D:5 2 transporters


Message History

You miscast Lee's Rapid Deconstruction.
You are very lightly contaminated with residual magic.
Nothing appears to happen.
You are feeling hungry.
You hit the two-headed ogre.
The two-headed ogre is poisoned.
The two-headed ogre is heavily wounded.
The two-headed ogre hits you with a +0 giant club! x2
Unknown command.
Casting: Lee's Rapid Deconstruction (slightly dangerous; 11% risk of failure)
Confirm with . or Enter, or press ? or * to list all spells.
Aiming: Sandblast (safe; 1% risk of failure)
Press: ? - help, Shift-Dir - straight line, f - two-headed ogre
Aim: a two-headed ogre, wielding two +0 giant clubs (moderately wounded, poisoned, umbra)
The blast of sand hits the two-headed ogre!!
The two-headed ogre is severely wounded.
v - 26 stones The two-headed ogre hits you with a +0 giant club!!
* * * LOW HITPOINT WARNING * * *
The two-headed ogre hits you with a +0 giant club!!
You die...

#.......# #.# #### #)#...#
.##.# ...# #.#... ..#.#
##.########.#.# #.#.#
#............# #.#.#
###########...# #.#.# ..
..........# #.#.######...
##
#########.#####............
#...@O..###########
#########


You could see a two-headed ogre.

Vanquished Creatures
  Joseph (D:7)
  Sigmund (D:4)
  Menkaure (D:7)
  An ice beast (D:6)
  A phantom (D:4)
  3 centaurs
  A big kobold (D:7)
  Blork the orc (D:6)
  2 bullfrogs
  2 gnoll sergeants
  2 scorpions
  5 killer bees (D:7)
  A howler monkey (D:4)
  6 crimson imps
  A bullfrog zombie (D:6)
  2 orc priests (D:6)
  2 jellies (D:6)
  Ijyb (D:5)
  Natasha (twice) (D:4)
  2 iguanas
  3 orc wizards (D:6)
  5 worker ants
  A hound zombie (D:6)
  2 hound skeletons
  A worker ant zombie (D:5)
  7 gnolls
  2 howler monkey skeletons (D:4)
  4 adders
  An ooze (D:3)
  An adder skeleton (D:7)
  5 worms
  A dart slug (D:1)
  5 leopard geckos
  9 orcs
  6 bats
  6 giant cockroaches
  7 goblins
  2 hobgoblins
  18 jackals
  4 quokkas
  3 frilled lizards
  16 kobolds
  2 leopard gecko skeletons
  A leopard gecko zombie (D:6)
  5 rats
155 creatures vanquished.

Notes
Turn   | Place    | Note
-------+----------+-------------------------------------------
     0 | D:1      | Johnny the Deep Elf Earth Elementalist began the quest for
                  | the Orb.
     0 | D:1      | Reached XP level 1. HP: 10/10 MP: 6/6
   285 | D:1      | Reached XP level 2. HP: 16/16 MP: 4/8
   307 | D:1      | Found a shattered altar of Ashenzari.
   317 | D:1      | Reached skill level 1 in Fighting
   898 | D:2      | Reached XP level 3. HP: 20/20 MP: 5/10
   943 | D:2      | Found a hazy altar of Hepliaklqana.
  1764 | D:3      | Reached XP level 4. HP: 26/26 MP: 9/11
  1790 | D:3      | Reached skill level 4 in Spellcasting
  2252 | D:3      | Found a stormy altar of Qazlal.
  2303 | D:4      | Found a staircase to the Ecumenical Temple.
  2305 | D:4      | Reached XP level 5. HP: 28/31 MP: 10/13
  2314 | Temple   | Entered the Ecumenical Temple
  2509 | Temple   | Became a worshipper of Dithmenos the Shadowed
  2668 | D:4      | Learned a level 3 spell: Stone Arrow
  2674 | D:4      | Learned a level 5 spell: Lee's Rapid Deconstruction
  2679 | D:4      | Learned a level 4 spell: Petrify
  3047 | D:4      | Reached XP level 6. HP: 37/37 MP: 13/15
  3193 | D:4      | Reached skill level 5 in Spellcasting
  3397 | D:4      | Noticed Natasha
  3406 | D:4      | Killed Natasha
  3406 | D:4      | Reached skill level 5 in Earth Magic
  3449 | D:4      | Noticed Sigmund
  3457 | D:4      | Killed Sigmund
  3457 | D:4      | Reached XP level 7. HP: 28/44 MP: 12/17
  3562 | D:4      | Found Dakemuv's Jewellery Shoppe.
  3707 | D:4      | Reached skill level 6 in Spellcasting
  3784 | D:4      | Noticed Natasha
  3801 | D:4      | Killed Natasha
  3934 | D:5      | Entered Level 5 of the Dungeon
  3940 | D:5      | Reached * piety under Dithmenos
  3989 | D:5      | Found a transporter.
  3990 | D:5      | Noticed a wyvern
  3993 | D:5      | Found a transporter.
  4004 | D:5      | Found a sacrificial altar of Ru.
  4130 | D:5      | Found Fefi's Distillery.
  4139 | D:5      | Bought 2 potions of lignification for 72 gold pieces
  4139 | D:5      | Bought a potion of ambrosia for 96 gold pieces
  4139 | D:5      | Bought a potion of invisibility for 96 gold pieces
  4182 | D:5      | Noticed Ijyb
  4192 | D:5      | Killed Ijyb
  4294 | D:5      | Found a bloodstained altar of Trog.
  4516 | D:5      | Reached skill level 5 in Fighting
  4933 | D:6      | Noticed Blork the orc
  4937 | D:6      | Killed Blork the orc
  4937 | D:6      | Reached XP level 8. HP: 36/49 MP: 3/20
  5238 | D:6      | Found an iron altar of Okawaru.
  5339 | D:6      | Reached skill level 7 in Spellcasting
  5632 | D:6      | Found a bloodstained altar of Trog.
  5859 | D:7      | Noticed Menkaure
  6249 | D:7      | Killed Menkaure
  6303 | D:7      | Reached skill level 8 in Spellcasting
  6421 | D:7      | Reached XP level 9. HP: 48/56 MP: 5/23
  6921 | D:7      | Reached ** piety under Dithmenos
  7003 | D:7      | Noticed Joseph
  7040 | D:7      | Killed Joseph
  7338 | D:8      | Found an ancient bone altar of Kikubaaqudgha.
  7506 | D:8      | Found a white marble altar of Elyvilon.
  7509 | D:8      | Reached skill level 9 in Spellcasting
  7576 | D:8      | Noticed a two-headed ogre
  7589 | D:8      | Mangled by a two-headed ogre

Levels and vault maps discovered:
D:1:      eino_arrival_cavern_c, layout_basic, evilmike_ruin_ashenzari
D:2:      layout_loops_ring, lemuel_crystal_altar
D:3:      layout_rooms, marbit_many_paths, first_ration
D:4:      layout_gridville, minmay_temple_entry_gardened_gates, serial_shops,
          kennysheep_little_box, chequers_serial_rivers_micro_e, uniq_natasha,
          uniq_sigmund
D:5:      layout_loops_ring, gammafunk_temple_overflow_arena, serial_shops,
          shop, trog_butcher_becter, uniq_ijyb
D:6:      layout_rooms, nicolae_overflow_hidden_temple, lemuel_crystal_altar,
          kennysheep_mini_moat, minivault_23, uniq_blork_the_orc
D:7:      layout_rooms, uniq_joseph, uniq_menkaure
D:8:      layout_loops_ring, elyvilon_altar_3, lemuel_round_altar,
          dpeg_oklobed_lair
Temple:   nicolae_temple_figure_eight

Skill      XL: |  1  2  3  4  5  6  7  8  9 |
---------------+----------------------------+-----
Fighting       | 1 2 3 4 5 6 7 |  7.6
Spellcasting   | 4 5 6 8 9 |  9.0
Earth Magic    | 4 5 6 7 |  7.8
Dodging        | |  2.4
Stealth        | |  2.4
Transmutations | |  1.1

Action                   |  1- 3 |  4- 6 |  7- 9 || total
-------------------------+-------+-------+-------++-------
Melee: Unarmed           |    84 |    16 |       ||   100
       Spear             |       |    28 |   155 ||   183
       Short sword       |       |       |    48 ||    48
 Cast: Sandblast         |    47 |    68 |    58 ||   173
       Stone Arrow       |       |     3 |    27 ||    30
       Lee's Rapid Decon |       |       |    15 ||    15
       Petrify           |       |       |     3 ||     3
Evoke: Wand              |       |       |    19 ||    19
  Use: Potion            |       |     3 |     1 ||     4
       Scroll            |       |     4 |    12 ||    16
 Stab: Sleeping          |     5 |     4 |    12 ||    21
  Eat: Chunk             |     2 |     4 |     8 ||    14
       Ration            |       |     1 |     2 ||     3
Armor: Robe              |    49 |    11 |    23 ||    83
       Skin              |       |     8 |    16 ||    24
       Leather armour    |       |       |    25 ||    25
Dodge: Dodged            |   115 |    31 |   174 ||   320
